[Event "26th Hit Open-A 2022"]
[Site "Nova Gorica"]
[Date "2022.09.17"]
[Round "2.16"]
[White "Lohia, Sohum"]
[Black "Lodici, Lorenzo"]
[Result "0-1"]
[ECO "C77"]
[WhiteElo "2185"]
[BlackElo "2559"]
[Annotator "ChessBase"]
[PlyCount "108"]
[EventDate "2022.09.16"]
[EventType "swiss"]
[EventCountry "SLO"]
[SourceTitle "playchess.com"]
[Source "ChessBase"]
[SourceQuality "1"]
[TimeControl "5400+30"]

1. e4 e5 2. Nf3 Nc6 3. Bb5 a6 4. Ba4 Nf6 5. d3 d6 6. c3 g6 7. O-O Bg7 8. Re1 O-O 9. Nbd2 Re8 10. h3 h6 11. Nf1 b5 12. Bc2 Nb8 13. d4 Nbd7 14. Ng3 c5 15. d5 Nb6 16. b3 a5 17. Bd3 c4 18. bxc4 bxc4 19. Bc2 Qc7 20. Be3 Ba6 21. h4 Ng4 22. h5 Nxe3 23. Rxe3 Qe7 24. Nh2 Rf8 25. Qg4 Bc8 26. Qf3 Bf6 27. Ree1 Ba6 28. Rab1 Rab8 29. Ng4 Bg5 30. Ne3 Nd7 31. Ba4 Nc5 32. Bc6 Nd3 33. Rf1 Qa7 34. Qe2 Bf4 35. Qf3 Nc5 36. Ne2 Bg5 37. Ng3 Nd3 38. Qe2 Kh7 39. Qf3 Kg7 40. Qe2 Rb6 41. Rxb6 Qxb6 42. Rd1 a4 43. Ngf1 a3 44. Qc2 Rb8 45. Rd2 Qb2 46. Qa4 Nc5 47. Qd1 Qxc3 48. Rc2 Qb4 49. f3 Nd3 50. hxg6 fxg6 51. Ng4 Qc5+ 52. Kh1 c3 53. Qa1 Rb2 54. Nfe3 Bxe3 0-1

[Event "26th Hit Open-A 2022"]
[Site "Nova Gorica"]
[Date "2022.09.17"]
[Round "2.17"]
[White "Subelj, Jan"]
[Black "Krivenko, Dion"]
[Result "1-0"]
[ECO "C02"]
[WhiteElo "2505"]
[BlackElo "2113"]
[Annotator "ChessBase"]
[PlyCount "83"]
[EventDate "2022.09.16"]
[EventType "swiss"]
[EventCountry "SLO"]
[SourceTitle "playchess.com"]
[Source "ChessBase"]
[SourceQuality "1"]
[TimeControl "5400+30"]

1. e4 c5 2. Nf3 e6 3. c3 d5 4. e5 Nc6 5. d4 Bd7 6. Be2 f6 7. O-O fxe5 8. dxe5 Qc7 9. c4 Nxe5 10. cxd5 O-O-O 11. Nc3 Nf6 12. dxe6 Bc6 13. Qb3 Bd6 14. Nb5 Bxb5 15. Qxb5 Rhe8 16. Nxe5 Bxe5 17. Be3 Rxe6 18. Rac1 Bxh2+ 19. Kh1 Rc6 20. Bf3 a6 21. Qc4 Bd6 22. Bxc6 Qxc6 23. Bxc5 Bxc5 24. Qxc5 Qxc5 25. Rxc5+ Kb8 26. Rc2 Rd5 27. g3 Re5 28. Kg2 h5 29. Rd1 Re8 30. Rdd2 Rh8 31. Rd4 Re8 32. Kf1 Rf8 33. Re2 Rf7 34. Kg2 Kc7 35. Re5 Kc6 36. b4 Kb6 37. a4 Rc7 38. Rg5 Re7 39. Rc4 Rd7 40. Rc8 Rd4 41. Rxg7 Rxb4 42. Rg6 1-0

[Event "26th Hit Open-A 2022"]
[Site "Nova Gorica"]
[Date "2022.09.17"]
[Round "2.18"]
[White "Rozman, Monika"]
[Black "Nyysti, Sampsa"]
[Result "1-0"]
[ECO "B20"]
[WhiteElo "2111"]
[BlackElo "2363"]
[Annotator "ChessBase"]
[PlyCount "129"]
[EventDate "2022.09.16"]
[EventType "swiss"]
[EventCountry "SLO"]
[SourceTitle "playchess.com"]
[Source "ChessBase"]
[SourceQuality "1"]
[TimeControl "5400+30"]

1. e4 c5 2. d3 Nc6 3. g3 g6 4. Bg2 Bg7 5. f4 e6 6. Nf3 Nge7 7. O-O O-O 8. c3 d5 9. e5 Nf5 10. g4 Nfe7 11. Na3 f6 12. d4 cxd4 13. cxd4 Qb6 14. Kh1 Bd7 15. Nc2 Nb4 16. Nxb4 Qxb4 17. Bd2 Qb6 18. Qe1 Bb5 19. Rg1 fxe5 20. Ba5 Qa6 21. fxe5 Be2 22. Ng5 Nc6 23. Nxe6 Nxa5 24. Nc7 Qd3 25. Qxa5 Bf3 26. Qc3 Qxc3 27. bxc3 Rac8 28. Nxd5 Bxd5 29. Bxd5+ Kh8 30. Rg3 b5 31. Rb1 Rb8 32. Rf3 Rfd8 33. Bf7 b4 34. Rxb4 Rxb4 35. cxb4 Rxd4 36. e6 Bf8 37. Bxg6 Bxb4 38. Bf5 Rd1+ 39. Kg2 Rd2+ 40. Rf2 Rxf2+ 41. Kxf2 Kg7 42. g5 Be7 43. h4 h6 44. Kf3 hxg5 45. h5 g4+ 46. Bxg4 Bg5 47. Ke4 Kf6 48. a4 a5 49. Kd5 Bf4 50. Kc6 Ke7 51. Kb5 Bd2 52. h6 Bxh6 53. Kxa5 Kd6 54. Kb5 Bg5 55. a5 Bh4 56. Kc4 Be1 57. a6 Bf2 58. Kd3 Bc5 59. Ke4 Kc6 60. Ke5 Kb6 61. Be2 Be7 62. Kf5 Kc7 63. Kg6 Bc5 64. Kf7 Kd8 65. a7 1-0

[Event "26th Hit Open-A 2022"]
[Site "Nova Gorica"]
[Date "2022.09.17"]
[Round "2.19"]
[White "Rakesh Kumar Jena"]
[Black "Centrih, Aleks"]
[Result "1-0"]
[ECO "D02"]
[WhiteElo "2321"]
[BlackElo "2095"]
[Annotator "ChessBase"]
[PlyCount "87"]
[EventDate "2022.09.16"]
[EventType "swiss"]
[EventCountry "SLO"]
[SourceTitle "playchess.com"]
[Source "ChessBase"]
[SourceQuality "1"]
[TimeControl "5400+30"]

1. d4 d5 2. Nf3 Nf6 3. Bf4 c5 4. e3 Nc6 5. Nbd2 cxd4 6. exd4 Bf5 7. c3 e6 8. Qb3 Qc8 9. Ne5 Be7 10. Nxc6 bxc6 11. Qa4 a5 12. Be2 O-O 13. O-O Nd7 14. Rfc1 Nb6 15. Qb3 Qd8 16. a4 c5 17. Bb5 c4 18. Qd1 Bd6 19. Bxd6 Qxd6 20. Qf3 Bd3 21. Re1 Qc7 22. b3 Rfc8 23. h4 Qd8 24. Qg3 h5 25. Re5 Bg6 26. bxc4 Nxc4 27. Nxc4 dxc4 28. Rae1 Qf6 29. Bd7 Rd8 30. Bxe6 fxe6 31. Rxe6 Re8 32. Rxf6 Rxe1+ 33. Kh2 gxf6 34. Qxg6+ Kh8 35. Qxf6+ Kg8 36. Qg6+ Kf8 37. Qxh5 Rae8 38. Qxa5 R1e4 39. Qf5+ Kg8 40. Qg5+ Kh8 41. a5 R4e7 42. a6 Rh7 43. a7 Rg8 44. Qxg8+ 1-0

[Event "26th Hit Open-A 2022"]
[Site "Nova Gorica"]
[Date "2022.09.17"]
[Round "2.20"]
[White "Sharan, Rao"]
[Black "Callsen, Niklas"]
[Result "1-0"]
[ECO "A05"]
[WhiteElo "2312"]
[BlackElo "2079"]
[Annotator "ChessBase"]
[PlyCount "59"]
[EventDate "2022.09.16"]
[EventType "swiss"]
[EventCountry "SLO"]
[SourceTitle "playchess.com"]
[Source "ChessBase"]
[SourceQuality "1"]
[TimeControl "5400+30"]

1. Nf3 Nf6 2. b3 g6 3. Bb2 Bg7 4. g3 c5 5. Bg2 d5 6. c4 d4 7. b4 Nfd7 8. a3 O-O 9. O-O e5 10. d3 a5 11. b5 f5 12. Nbd2 Re8 13. Ne1 Bh6 14. Bc1 Nf6 15. Nb3 Bxc1 16. Qxc1 a4 17. Nxc5 Ra7 18. Qc2 Qa5 19. Rb1 b6 20. Na6 Nxa6 21. bxa6 Qxa6 22. Rb4 Bd7 23. Qb2 b5 24. cxb5 Qb6 25. Nc2 Ra5 26. Rb1 Rc8 27. e3 Rc3 28. exd4 exd4 29. Nxd4 Rxd3 30. Bf1 1-0

[Event "26th Hit Open-A 2022"]
[Site "Nova Gorica"]
[Date "2022.09.17"]
[Round "2.21"]
[White "Devnani Kush"]
[Black "Marn, Jan"]
[Result "1-0"]
[ECO "E01"]
[WhiteElo "2095"]
[BlackElo "2307"]
[Annotator "ChessBase"]
[PlyCount "69"]
[EventDate "2022.09.16"]
[EventType "swiss"]
[EventCountry "SLO"]
[SourceTitle "playchess.com"]
[Source "ChessBase"]
[SourceQuality "1"]
[TimeControl "5400+30"]

1. d4 d5 2. c4 e6 3. Nf3 Nf6 4. g3 Bb4+ 5. Nbd2 O-O 6. Bg2 c6 7. O-O Nbd7 8. Qc2 Re8 9. Rd1 Qe7 10. e4 dxe4 11. Nxe4 h6 12. a3 Ba5 13. Bf4 Nxe4 14. Qxe4 Nf6 15. Qe2 Bc7 16. Bxc7 Qxc7 17. Ne5 Bd7 18. Rac1 Rad8 19. c5 Bc8 20. Nc4 Re7 21. b4 Red7 22. Qb2 Nd5 23. a4 Ne7 24. Ne5 Qxe5 25. dxe5 Rxd1+ 26. Rxd1 Rxd1+ 27. Bf1 Nd5 28. Kg2 Bd7 29. Be2 Re1 30. Bf3 a6 31. h4 Kf8 32. b5 cxb5 33. Bxd5 exd5 34. c6 Re4 35. cxb7 1-0

[Event "26th Hit Open-A 2022"]
[Site "Nova Gorica"]
[Date "2022.09.17"]
[Round "2.22"]
[White "Lavrencic, Matic"]
[Black "Verbin, Valentina"]
[Result "1/2-1/2"]
[ECO "B90"]
[WhiteElo "2274"]
[BlackElo "2049"]
[Annotator "TA"]
[PlyCount "71"]
[EventDate "2022.09.16"]
[EventType "swiss"]
[EventCountry "SLO"]
[SourceTitle "playchess.com"]
[Source "ChessBase"]
[SourceQuality "1"]
[TimeControl "5400+30"]

1. e4 c5 2. Nf3 d6 3. d4 cxd4 4. Nxd4 Nf6 5. Nc3 a6 6. Be3 e5 7. Nb3 Be7 8. f3 Be6 9. Qd2 h5 10. Nd5 Nxd5 11. exd5 Bf5 {[%emt 0:00:43] B90: Sicilian Najdorf: Unusual White 6th moves, 6 Be3 Ng4 and 6 Be3 e5.} 12. Be2 a5 13. a4 Nd7 {[%emt 0:06:38] 13...0-0 gains popularity.} 14. O-O O-O 15. f4 exf4 16. Bxf4 Rc8 17. Nd4 Bg6 {[%emt 0:02:45] [#]} 18. Be3 $146 ({Predecessor:} 18. Kh1 Nc5 19. Bb5 Bf6 20. Rae1 h4 21. Re3 Ne4 22. Qd1 Rc5 23. c3 Rxd5 24. Qe2 Bxd4 25. Rxe4 {0-1 (44) Kulaots,K (2548)-Petkov,M (2443) Reykjavik 2021}) 18... Bf6 19. c3 Nc5 20. Bc4 ({White should play} 20. Rae1 $11) 20... Re8 $15 {[%emt 0:06:40] ...Ne4 is the strong threat.} 21. b3 Ne4 22. Qc1 Be5 23. Qe1 (23. Bf4 $15) 23... Bf6 (23... h4 $17) 24. Ra2 (24. Qc1 $1 $11 {keeps the balance.}) 24... h4 25. Qc1 {[%emt 0:06:49] [#]} Re7 (25... Rxc4 $1 $17 26. bxc4 Qc8) 26. Re2 {[%emt 0:02:31] [#]} (26. h3 $15) 26... Rec7 (26... Rxc4 $1 $17 27. bxc4 Qc8) 27. Qb2 (27. Qe1 $15) 27... h3 $17 28. Nb5 {[%emt 0:03:27] Strongly threatening Bb6.} Re7 29. Bd4 Bxd4+ 30. Nxd4 ({Better is} 30. cxd4 hxg2 31. Rxg2) 30... Qb6 31. Kh1 Bh5 32. Rc2 Bg6 ({Black should try} 32... Nf6 $15) 33. Re2 Bh5 (33... Re5 $17 {aiming for ...Ng5.} 34. Nf3 (34. gxh3 Nxc3 35. Qxc3 Rxe2 $15) 34... hxg2+ 35. Kxg2 Rh5) 34. Rc2 $11 Bg6 (34... Nf6 $11) 35. Re2 $17 Bh5 36. Rc2 {[%emt 0:00:07] Weighted Error Value: White=0.21 (precise) /Black=0.27 (precise)} 1/2-1/2

[Event "26th Hit Open-A 2022"]
[Site "Nova Gorica"]
[Date "2022.09.17"]
[Round "2.23"]
[White "Debevec, Blaz"]
[Black "Stevanic, David"]
[Result "1/2-1/2"]
[ECO "C50"]
[WhiteElo "2056"]
[BlackElo "2261"]
[Annotator "TA"]
[PlyCount "122"]
[EventDate "2022.09.16"]
[EventType "swiss"]
[EventCountry "SLO"]
[SourceTitle "playchess.com"]
[Source "ChessBase"]
[SourceQuality "1"]
[TimeControl "5400+30"]

1. e4 e5 2. Nf3 Nc6 3. Bc4 Bc5 4. O-O Nf6 5. d3 a6 6. Nc3 {[%emt 0:02:30] C50: Hungarian Defence and Giuoco Pianissimo.} h6 7. Be3 Bxe3 8. fxe3 d6 9. a4 Be6 10. Bxe6 (10. Nd5 {keeps more tension.} O-O 11. Nxf6+ Qxf6 12. Nd2) 10... fxe6 {[%emt 0:00:02] [#]} 11. Ne2 $146 ({Predecessor:} 11. Nh4 O-O 12. d4 Qe8 13. d5 Nb4 14. dxe6 Qxe6 15. Nf5 Rf7 16. Qe2 Raf8 17. Rad1 Kh7 18. Rf2 Na2 19. Qd3 Nxc3 20. Qxc3 Nxe4 21. Qd3 Nxf2 22. Nd4+ Qg6 {0-1 (22) Gold,C-Goehring,D freechess.de 2016}) 11... d5 12. exd5 exd5 13. Ng3 Qd7 14. e4 O-O-O 15. Qe2 dxe4 16. Nxe4 Nd4 17. Nxd4 Qxd4+ 18. Kh1 Nxe4 19. dxe4 (19. Qxe4 $142 Qxe4 20. dxe4) 19... Qxb2 $17 20. Rad1 Rxd1 21. Rxd1 {[%emt 0:00:19][%mdl 4096] Endgame KQR-KQR} Rf8 ({Stronger than} 21... Kb8 22. Qc4 $17) 22. Qg4+ Kb8 23. Qxg7 Rf2 24. Qxh6 {[%emt 0:05:06] [#] aiming for Rd8+.} Qd4 {[%emt 0:01:25][%cal Rd4d1][%mdl 512] Against Rd8+} 25. Qc1 (25. Rg1 Rxc2) 25... Qc5 (25... Qxa4 $2 26. Rd8+ Ka7 27. Qg1 Qxc2 28. Rf8 $18) ({Better is} 25... Qxe4 $19 26. Qg5 Qxc2) 26. c3 b6 27. h3 Qc4 28. a5 Qxe4 {[%emt 0:01:37][%csl Gf2][%cal Re4g2] [#]} 29. Qg5 Kb7 30. axb6 {[%emt 0:02:09] The position is equal.} Kxb6 31. Qh6+ Kb7 32. Qg7 a5 33. Qg3 Re2 34. Kh2 Re3 35. Qg4 Qxg4 36. hxg4 Rxc3 $11 {[%emt 0:00:07] KR-KR} 37. g5 e4 38. Rd5 {[%emt 0:02:24] Inhibits Rc5.} Rc6 {[%emt 0:00:28] Hoping for ...Kb6.} 39. Rxa5 Re6 {[%emt 0:00:15] Prevents Re5.} 40. Kg1 e3 41. Kf1 e2+ 42. Ke1 Kb6 43. Rf5 c6 44. Rf3 Kc7 45. Rg3 Kd7 46. g6 {[%emt 0:01:13] g7 is the strong threat.} Re8 47. Rd3+ Kc7 48. Rf3 Kd6 49. g7 {[%emt 0:00:40] Threatens to win with Rf8.} Rg8 50. Rf7 Ke6 51. Rc7 Kf6 52. Rxc6+ Kxg7 53. Kxe2 Ra8 54. Kf3 Ra3+ 55. Kg4 Ra4+ 56. Kh5 Ra5+ 57. Kh4 Ra4+ 58. g4 Ra5 59. g5 Ra1 60. Rc7+ Kg6 61. Rc6+ Kg7 {[%emt 0:00:07] And White is the lucky defender.  Weighted Error Value: White=0.08 (flawless) /Black=0.09 (flawless)} 1/2-1/2

[Event "26th Hit Open-A 2022"]
[Site "Nova Gorica"]
[Date "2022.09.17"]
[Round "2.24"]
[White "Manish Anto Cristiano F"]
[Black "Mihelic, Vesna"]
[Result "1-0"]
[ECO "D36"]
[WhiteElo "2249"]
[BlackElo "2031"]
[Annotator "TA"]
[PlyCount "105"]
[EventDate "2022.09.16"]
[EventType "swiss"]
[EventCountry "SLO"]
[SourceTitle "playchess.com"]
[Source "ChessBase"]
[SourceQuality "1"]
[TimeControl "5400+30"]

1. c4 e6 2. Nc3 d5 3. d4 Nf6 4. cxd5 exd5 5. Bg5 Nbd7 6. e3 Be7 7. Bd3 c6 8. Nge2 O-O 9. Qc2 Re8 10. O-O-O Nf8 11. f3 Nh5 {[%emt 0:13:11] D36: Queen's Gambit Declined: Exchange Variation: Main line (5 Bg5 c6 6 Qc2).} 12. Bxe7 Qxe7 13. e4 Qg5+ {[%emt 0:06:32] The position is equal.} 14. Kb1 Qxg2 15. exd5 {[%emt 0:03:57] [#]} cxd5 $146 ({Predecessor:} 15... Qxf3 16. Be4 Qf6 17. Rdf1 Qh6 18. Rhg1 Bd7 19. Ng3 Nxg3 20. Rxg3 Re7 21. dxc6 Bxc6 {0-1 (50) Alonso,J (2017)-Gertners,G (2111) IECG email 2004}) 16. Rhg1 Qf2 17. Rdf1 Qh4 18. Nxd5 Bh3 19. Rd1 Rac8 20. Ndc3 Nf4 21. Nxf4 Qxf4 22. Rg3 Bd7 23. Qb3 Bf5 24. Ne4 (24. Qxb7 $2 Bxd3+ 25. Ka1 Ne6 $1 26. Rxd3 Rb8 27. Qxb8 Qc1+ 28. Nb1 Rxb8 $19) (24. Be4 $11) 24... Re6 ({Better is} 24... Ng6 $15) 25. Qxb7 $40 {[%emt 0:03:43][%mdl 128] White mounts an attack.} Rec6 26. a3 (26. Rgg1 $1 $11 {deserves consideration.}) 26... Be6 (26... Ng6 $15) 27. Nc5 Bf5 28. Be4 (28. Qxa7 $2 Qxd4 29. Rg4 Qd5 $19) 28... Ne6 29. Qxa7 (29. Bxf5 {feels hotter.} Qxf5+ 30. Ne4 g6 31. d5) 29... Bxe4+ 30. fxe4 (30. Nxe4 Rc1+ 31. Rxc1 Qxc1+ 32. Ka2 Qc4+ 33. Kb1 Nxd4 $15) 30... Nxc5 31. dxc5 {[%emt 0:00:07] aiming for Qe7.} Qxe4+ (31... h5 $14) 32. Ka1 $16 {[%emt 0:00:06] White is more active.} Qc2 (32... h5 $14) 33. Rgd3 (33. Rf1 $6 R6c7 34. Qb6 Qxc5 35. Qxc5 Rxc5 $14) (33. Qd7 $18 {[%cal Od7d8] and White stays clearly on top. White threatens Qd8+! and mate.} g6 34. b4) 33... g6 (33... g5 $142) 34. Rd7 (34. Qe7 $16 {And now Rd8+ would win.} Qxc5 35. Rd8+ Kg7 36. Qxc5 (36. Qe8 Rxd8 37. Qxd8 h5 $11) 36... Rxc5 37. b4 Rxd8 38. Rxd8) 34... Rxc5 $11 35. Rf1 Qb3 {[%emt 0:00:26] ( -> ...Rc1+)} (35... Rb5 {gets mated.} 36. Rd8+ $3 (36. Qd4 Rf8 $11) 36... Kg7 37. Rxf7+ (37. Qd4+ Kh6 $18) 37... Kh6 38. Rxh7+ Kg5 39. Qe3+ Kf5 40. Rf7+ Kg4 41. Qf4+ Kh5 42. Rh7#) 36. Rd8+ Rxd8 37. Qxc5 {[%emt 0:00:01][%mdl 4096] Endgame KQR-KQR} Rd2 38. Qe5 Rd1+ 39. Rxd1 Qxd1+ {[%emt 0:00:01] KQ-KQ} 40. Ka2 Qc2 41. Qb5 f5 42. a4 Kf7 $2 (42... Qe4 $11 {and Black stays safe.}) 43. a5 $18 Ke6 (43... Qc7 $142 44. a6 Ke7) 44. a6 $1 {[%emt 0:00:22] Threatening mate with Qb3+.} Qc7 45. Qb3+ $2 (45. Qa4) 45... Kd7 {[%emt 0:01:08] [#]} 46. Qd5+ Ke7 $2 (46... Kc8) 47. b4 {[%emt 0:00:33] Black must now prevent Qc5+.} Qxh2+ 48. Ka3 {[%emt 0:00:10] Intending a7 and mate.} Qc7 49. Qc5+ Kd7 {[%emt 0:00:19] [#]} 50. a7 $1 Qb7 51. Ka4 (51. b5 $142 Qe4 52. Qc6+ Qxc6 53. bxc6+ Kxc6 54. a8=Q+ Kd7 55. Qg8 Ke7 56. Qxh7+ Kf6 57. Qh6) 51... f4 52. Qb5+ Kc7 53. Qa5+ {[%emt 0:00:06] Weighted Error Value: White=0.34/Black=0.59} 1-0

[Event "26th Hit Open-A 2022"]
[Site "Nova Gorica"]
[Date "2022.09.17"]
[Round "2.25"]
[White "Walker, Samuel A"]
[Black "Ronka, Erik"]
[Result "0-1"]
[ECO "D45"]
[WhiteElo "2028"]
[BlackElo "2248"]
[Annotator "TA"]
[PlyCount "102"]
[EventDate "2022.09.16"]
[EventType "swiss"]
[EventCountry "SLO"]
[SourceTitle "playchess.com"]
[Source "ChessBase"]
[SourceQuality "1"]
[TimeControl "5400+30"]

1. d4 d5 2. c4 e6 3. Nf3 Nf6 4. Nc3 c6 5. e3 Nbd7 6. Be2 dxc4 7. a4 {[%emt 0:00:32] is now more promising than 7.Bxc4.} Bb4 8. O-O Qe7 {[%emt 0:06:16] D45: Semi-Slav: 5 e3.} 9. e4 e5 10. Bxc4 O-O {[%emt 0:04:15] The position is equal.} 11. Qb3 (11. Be3 $11) 11... a5 12. Bg5 {[%emt 0:01:14] [#]} (12. Be3 $11) 12... h6 $146 ({Predecessor:} 12... exd4 13. Nxd4 Nc5 14. Qc2 h6 15. Bh4 g5 16. Bg3 Ncxe4 17. Rfe1 Bxc3 18. bxc3 Qc5 {1-0 (27) Zakhartsov,V (2514)-Kononenko,D (2312) Sochi 2021}) 13. Bh4 exd4 14. Nxd4 Nc5 (14... Nb6 $1 $17 {...Qc5 is the strong threat.} 15. Nf5 Bxf5 16. exf5 Qe5) 15. Qa2 g5 16. Bg3 Nfxe4 (16... Ncxe4 $5 17. Rae1 Rd8 $15) 17. Rfe1 Bxc3 (17... Nxc3 $2 18. bxc3 (18. Rxe7 $2 Nxa2 19. Bxa2 Nb3 $19) 18... Qf6 19. cxb4 axb4 20. Qd2 $18) 18. bxc3 {[%emt 0:00:42] Threatens to win with f3.} Qf6 19. Re3 {[%emt 0:02:13] [#]} (19. Qc2 $11 Nxg3 20. fxg3) 19... Bd7 (19... Nxg3 20. fxg3 Bd7 21. Rf1 $14) (19... Nxc3 $1 $17 20. Rxc3 (20. Be5 Qxe5 21. Rxe5 Nxa2 $17) 20... Qxd4) 20. Qc2 $11 Nxg3 21. fxg3 Kg7 (21... Kh8 $11) 22. Rf1 $16 Qg6 {[%emt 0:00:05] And now ...Qxc2 would win.} 23. Qf2 {[%emt 0:00:11] Black must now prevent Rf3.} Be6 24. Nxe6+ (24. Qe2 $14) 24... fxe6 $11 25. Rf3 Rxf3 26. Qxf3 Nd7 (26... Nxa4 $2 27. Bd3 g4 28. Qe2 $18) (26... Kg8 $11) 27. Qe3 {[%emt 0:03:11][%mdl 1024] White has compensation.} Rf8 $1 {[%emt 0:01:01] Strongly threatening ...Rxf1+.} 28. Qd4+ (28. Qxe6 $2 Qxe6 29. Bxe6 Nc5 $19) (28. Bxe6 Rxf1+ 29. Kxf1 Qb1+ 30. Kf2 (30. Qe1 $2 Qxe1+ 31. Kxe1 Nc5 $19) 30... Qc2+ 31. Kg1 (31. Qe2 $2 Qxe2+ 32. Kxe2 Nc5 $19) 31... Qd1+ 32. Kf2 Qc2+ 33. Kg1 (33. Qe2 $2 Qxe2+ 34. Kxe2 Nc5 $19) 33... Qxa4 $1 $11) 28... Nf6 29. Bd3 {[%emt 0:01:18] Against Qe4} (29. Bxe6 $14 Qe8 30. Qe5) 29... Qe8 (29... e5 $5 30. Qd6 Qe8 $11) 30. Qe5 Qd7 31. Bc4 $36 {[%emt 0:00:22][%mdl 2048] White has good play.} b5 32. Bxe6 Qa7+ 33. Kh1 Qe7 (33... Qb8 $5 34. Qd4 bxa4 $11) 34. h4 g4 ({Black should try} 34... gxh4 $14 35. gxh4 (35. axb5 Re8 $11) 35... Kh8) 35. Rf4 (35. axb5 cxb5 36. Re1 Qb7) (35. Rd1 $18 {aiming for Rd7.} Rd8 36. Rxd8 Qxd8 37. axb5 cxb5 38. Qxb5) 35... Re8 $14 36. Rxg4+ Kh8 37. Rg6 Qxe6 38. Qf4 (38. Rxh6+ Kg7 39. Qg5+ Kf7 40. Qg6+ (40. axb5 $2 Rg8 $17) 40... Ke7 41. Qg7+ Qf7 $15) (38. Qxf6+ $14 Qxf6 39. Rxf6) 38... Qe5 (38... Qe1+ $11 {remains equal.} 39. Kh2 Ng8 40. Rxh6+ Nxh6 41. Qxh6+ Kg8 42. Qg6+ Kf8 43. Qf6+ Kg8 44. Qg6+ Kh8 45. Qh6+ Kg8 46. Qg6+) 39. Qxh6+ $2 ({Of course not} 39. Rxf6 $6 Qxf4 40. gxf4 bxa4 41. Rxh6+ Kg7 $11) ({Better is} 39. Qxf6+ $16 Qxf6 40. Rxf6) 39... Nh7 $15 40. Kh2 {[%emt 0:00:21] [#]} Rg8 $1 ({Don't play} 40... Qxc3 $6 41. Rxc6 Qg7 42. axb5 $11) 41. Rxg8+ Kxg8 42. Qxc6 (42. Qg6+ $17 Kh8 43. Qxc6) 42... bxa4 $19 43. Qxa4 Nf6 {[%emt 0:00:11] Prevents Qg4+.} 44. Qc6 Kg7 45. Qf3 $2 (45. Qb7+ Kg6 46. Qc6) 45... Ne4 (45... Qe4 $142 46. Qf1 Ng4+ 47. Kh1 a4) 46. c4 a4 {[%emt 0:00:46][%cal Ba5a4,Ba4a3,Ba3a2][%mdl 32] Black mates.} 47. h5 {[%emt 0:00:02] [#]} Qxg3+ $1 48. Qxg3+ Nxg3 49. h6+ Kxh6 50. Kxg3 a3 51. c5 a2 {[%emt 0:00:09] Weighted Error Value: White=0.58/Black=0.36} 0-1

[Event "26th Hit Open-A 2022"]
[Site "Nova Gorica"]
[Date "2022.09.17"]
[Round "2.26"]
[White "Thuesen, Mogens"]
[Black "Hercog, Nusa"]
[Result "0-1"]
[ECO "B12"]
[WhiteElo "2242"]
[BlackElo "2019"]
[Annotator "TA"]
[PlyCount "92"]
[EventDate "2022.09.16"]
[EventType "swiss"]
[EventCountry "SLO"]
[SourceTitle "playchess.com"]
[Source "ChessBase"]
[SourceQuality "1"]
[TimeControl "5400+30"]

1. e4 c6 2. d4 d5 3. e5 Bf5 4. c4 e6 5. Nc3 dxc4 6. Bxc4 Nd7 7. Nge2 Ne7 {[%emt 0:06:46][%cal Bg8e7,Be7d5,Bd5c3][%mdl 32] B12: Caro-Kann: Advance Variation.} 8. Ng3 {[%emt 0:00:27] The modern move.} Bg6 9. h4 h6 {[%emt 0:06:56] The position is equal.} 10. h5 Bh7 11. Nge4 {[%emt 0:01:11][%cal Re4d6] [#]} Nd5 {[%emt 0:04:33] [#]} (11... Nf5 $5 ) 12. Bb3 $146 ({Predecessor:} 12. Rh3 Nxc3 13. Nxc3 Nb6 14. Bb3 a5 15. Kf1 Qd7 16. Be3 Nd5 17. Nxd5 exd5 18. Rg3 {1-0 (37) Marrero Lopez,Y (2278)-Goncalves,I (2067) Santos 2011}) 12... Nxc3 (12... f6 {is more complex.} 13. Qg4 Bf5 14. Qg3 Qb6) 13. Nxc3 Nb6 14. Be3 Qd7 15. Rc1 Be7 16. Qg4 Rg8 17. O-O g6 18. a4 a5 19. Rfd1 gxh5 20. Qxh5 Bf5 21. f3 {[%emt 0:05:55] Against Bg4} (21. Bxh6 Bg4 22. Qh2 Bf3 $17) 21... Nd5 $1 22. Nxd5 (22. Bxh6 Rh8 23. Nxd5 exd5 $17) 22... exd5 23. Kf2 $36 {[%emt 0:00:20][%mdl 2048] White is pushing.} (23. Bxh6 Rh8 24. g4 Bf8 $15) 23... O-O-O 24. Rh1 (24. Bxh6 Rh8 25. Rh1 Rdg8 $17) 24... Kb8 (24... f6 $5 ) 25. Qxh6 Rg6 (25... Rdf8 $1 $11) 26. Qf4 $14 Ka8 (26... Be6 $14) 27. Rh5 $16 Be6 28. Bc2 Rg7 29. Bf5 Rdg8 30. g4 Bg5 31. Bxe6 fxe6 32. Qh2 ({Reject} 32. Rxg5 Rxg5 33. Rh1 (33. Qxg5 Rxg5 34. Bxg5 Qh7 $17) 33... R5g7 $15) 32... Bxe3+ 33. Kxe3 Qc7 ({Better is} 33... Rf7) 34. Rh8 (34. Qc2 $142) 34... Qb6 {[%emt 0:00:15] [#]} 35. Rxg8+ (35. Rh6 $1 $16) 35... Rxg8 {[%emt 0:00:03][%mdl 4096] Endgame KQR-KQR} 36. Rc3 ({White should try} 36. Qc2 $14) 36... Qb4 $11 37. Qh7 Rf8 38. Qc2 Qe7 {[%emt 0:01:05] And now ...Qg5+ would win.} ({Don't do} 38... c5 39. Rxc5 Qe1+ 40. Qe2 $16) 39. Qg6 {[%emt 0:02:25] Inhibits Qg5+.} (39. Qh2 $11) 39... Qb4 (39... Qh4 $1 $15 40. Qd3 Qh6+ 41. Ke2 Qh2+ 42. Kd1 Qxb2) 40. Qc2 Qe7 {[%emt 0:00:11] Strongly threatening ...Qg5+.} ({Don't take} 40... c5 41. Rxc5 Qe1+ 42. Qe2 $16) 41. Ke2 ({White should play} 41. Qh2 $11) 41... Qh4 (41... Rh8 $1 $15 42. Qb3 Rh2+ 43. Kd1 Qh7) 42. Qd2 Qh2+ 43. Kd1 Qh1+ 44. Qe1 Qg2 45. Kc1 Rxf3 46. Rc5 $2 (46. Rxf3 $11 Qxf3 47. Qxa5+ Kb8 48. g5) 46... Rf1 {[%emt 0:00:11] Weighted Error Value: White=0.25 (precise) /Black=0.13 (very precise)} 0-1